 Dungeon Crawl Stone Soup version 0.18-a0-824-g47fe746 (webtiles) character file.

107 Raultor the Slasher (level 4, -5/34 HPs)
             Began as a Demonspawn Gladiator on Dec 17, 2015.
             Slain by a worm (10 damage)
             ... on level 3 of the Dungeon.
             The game lasted 00:08:06 (2679 turns).

Raultor the Slasher (Demonspawn Gladiator)          Turns: 2679, Time: 00:08:07

Health: -5/34      AC:  7    Str: 16    XL:     4   Next: 57%
Magic:  4/4        EV: 12    Int: 10    God:
Gold:   195        SH:  0    Dex: 15    Spells: 0 memorised, 3 levels left

rFire  + . .     SeeInvis .     c - +0 long sword
rCold  x . .     Gourm    .     p - +0 ring mail
rNeg   . . .     Faith    .     (no shield)
rPois  .         Spirit   .     a - +0 helmet
rElec  .         Dismiss  .     (no cloak)
rCorr  .         Reflect  .     m - +0 pair of gloves
SustAt .         Harm     .     (no boots)
MR     .....                    (no amulet)
Stlth  +.........               w - +2 ring of dexterity
                                e - ring of fire {rF+, rC-}

@: not resistant to hostile enchantments, very unstealthy
A: claws 1, demonic guardian 1
a: no special abilities


You were on level 3 of the Dungeon.
You were hungry.

You visited 1 branch of the dungeon, and saw 3 of its levels.

You collected 195 gold pieces.

Inventory:

Hand Weapons
 c - a +0 long sword (weapon)
 x - a +0 dagger
   (You took it off a kobold on level 2 of the Dungeon)
 y - a +0 dagger
   (You took it off a goblin on level 2 of the Dungeon)
 z - a +0 whip
   (You took it off a kobold on level 2 of the Dungeon)
 A - a +0 club
   (You took it off a hobgoblin on level 2 of the Dungeon)
 B - a +0 club
   (You took it off a goblin on level 2 of the Dungeon)
 C - a +0 dagger
   (You took it off a goblin on level 2 of the Dungeon)
Missiles
 d - 3 throwing nets {=f, !d}
Armour
 a - a +0 helmet (worn)
 m - a +0 pair of gloves (worn)
   (You found it on level 1 of the Dungeon)
 o - a +0 chain mail
   (You found it on level 1 of the Dungeon)
 p - a +0 ring mail (worn)
   (You took it off a hobgoblin on level 1 of the Dungeon)
Rods
 b - a +0 rod of clouds (12/12) {!a}
   (You found it on level 2 of the Dungeon)
Jewellery
 e - a ring of fire (left hand) {rF+, rC-}
   (You found it on level 1 of the Dungeon)
 l - an uncursed ring of ice {rC+, rF-}
   (You found it on level 1 of the Dungeon)
 r - an uncursed ring of wizardry {Wiz+, !d}
   (You found it on level 2 of the Dungeon)
 w - a +2 ring of dexterity (right hand)
   (You found it on level 3 of the Dungeon)
Scrolls
 g - a scroll of recharging {unknown}
 j - 2 scrolls of identify {unknown}
 n - a scroll of blinking {unknown}
 q - a scroll of remove curse {unknown}
 s - 2 scrolls of teleportation {unknown}
 t - a scroll of noise {unknown}
 u - a scroll of magic mapping {unknown}
Potions
 v - a potion of ambrosia {unknown}
 D - a potion of curing {unknown}
 E - a potion of brilliance {unknown}
 F - a potion of poison {unknown}
Comestibles
 f - 2 bread rations {@e1}
 h - 5 fruits
 i - a beef jerky
 k - a slice of pizza
 G - 2 chunks of flesh {@w0}


   Skills:
 - Level 2.9 Fighting
 - Level 3.5 Long Blades
 - Level 1.7 Throwing
 - Level 1.5 Armour
 - Level 2.6 Dodging
 + Level 1.5 Unarmed Combat


You had 3 spell levels left.
You didn't know any spells.

Dungeon Overview and Level Annotations

Branches:
Dungeon (3/15)

Altars:
Sif Muna
Trog


Innate Abilities, Weirdness & Mutations

You have sharp fingernails.
A weak demonic guardian rushes to your aid.


Message History

The giant cockroach closely misses you.
You closely miss the giant cockroach. The giant cockroach misses you.
You completely miss the giant cockroach.
The giant cockroach bites you but does no damage.
The giant cockroach misses you.
You closely miss the giant cockroach.
You hear the brisk rusting of a drain.
The giant cockroach barely misses you.
You hit the giant cockroach. The giant cockroach barely misses you.
The giant cockroach barely misses you.
You hit the giant cockroach.
You kill the giant cockroach!
The river rat bites you.
You take 6 damage, and have 28/34 hp.
You hit the river rat but do no damage. The river rat barely misses you.
You barely miss the river rat. The river rat bites you.
You take 3 damage, and have 26/34 hp.
You hit the river rat but do no damage. The river rat misses you.
You hit the river rat but do no damage.
The river rat bites you but does no damage.
You closely miss the river rat.
The river rat bites you but does no damage.
The river rat bites you.
You take 6 damage, and have 20/34 hp.
You hit the river rat. The river rat bites you.
You take 2 damage, and have 18/34 hp.
Your ring mail prevents you from hitting the river rat.
The river rat barely misses you.
You hit the river rat but do no damage. The river rat bites you!
You take 6 damage, and have 12/34 hp.
You hit the river rat.
The river rat bites you but does no damage.
The river rat barely misses you.
You closely miss the river rat. The river rat closely misses you.
You barely miss the river rat. The river rat barely misses you.
You hit the river rat. The river rat barely misses you.
You barely miss the river rat.
The river rat bites you but does no damage.
The river rat bites you.
* * * LOW HITPOINT WARNING * * *
You take 6 damage, and have 6/34 hp.
You closely miss the river rat. The river rat barely misses you.
You barely miss the river rat.
The river rat bites you but does no damage.
You barely miss the river rat. The river rat closely misses you.
You barely miss the river rat. The river rat barely misses you.
The river rat completely misses you.
You hit the river rat.
You kill the river rat!
You hit the worm. You slash the worm! The worm bites you but does no damage.
You hit the worm. You barely miss the worm.
The worm splashes around in the water.
You slash the worm!
The worm splashes around in the water.
You hit the worm.
You kill the worm!
You enter the shallow water.
Moving in this stuff is going to be slow.
Things that are here:
a river rat corpse; a giant cockroach corpse You butcher the giant cockroach corpse.
G - 2 chunks of flesh {@w0} You see here a river rat corpse.
A rat comes into view.
You hear the quick rusting of a drain.
The rat misses you. The rat barely misses you.
Your unstable footing causes you to fumble your attack.
You are feeling hungry.
The rat misses you.
You hit the rat.
You kill the rat!
A giant cockroach comes into view.
The giant cockroach bites you but does no damage. x2
You slash the giant cockroach!
You kill the giant cockroach!
A giant gecko comes into view.
Your unstable footing causes you to fumble your attack.
The giant gecko bites you but does no damage.
You closely miss the giant gecko.
The giant gecko bites you but does no damage. x2
You hit the giant gecko.
You kill the giant gecko!
A worm comes into view.
Your unstable footing causes you to fumble your attack.
Your unstable footing causes you to fumble your attack.
Your unstable footing causes you to fumble your attack.
The worm completely misses you.
Your unstable footing causes you to fumble your attack.
The worm bites you!
* * * LOW HITPOINT WARNING * * *
You take 8 damage, and have 5/34 hp.
MASSIVE DAMAGE!!
You hit the worm. The worm bites you.
* * * LOW HITPOINT WARNING * * *
Your unstable footing causes you to fumble your attack.
Your unstable footing causes you to fumble your attack.
The worm closely misses you.
Your unstable footing causes you to fumble your attack.
The worm bites you!
You die...

#####..(...÷#.......# #####......
#...................# #.......##.
#............####.### #.......##.
#...[.####...####.#####.......##.
#.....# #............#.......##.
#.....# #...####..####.......##.
#.....# #..##≈≈####≈≈##.........
####### #..#≈≈≈@≈≈≈≈≈≈#.........
#..##≈w####≈≈##.........
########..†#≈# ##≈#.......###
...........#≈ #≈#.#........
...........# #≈#.#........
...........#### ##≈#.#........
.(........##≈≈####≈≈###........
#.....###..†≈≈≈≈≈≈≈≈≈#.........


You could see a worm.

Vanquished Creatures
  3 adders
  A river rat (D:3)
  A worm (D:3)
  An orc (D:3)
  A ball python (D:3)
  10 bats
  6 giant cockroaches
  9 hobgoblins
  3 giant geckos
  2 giant newts
  14 goblins
  8 kobolds
  6 rats
65 creatures vanquished.

Notes
Turn   | Place    | Note
--------------------------------------------------------------
     0 | D:1      | Raultor the Demonspawn Gladiator began the quest for the Orb.
     0 | D:1      | Reached XP level 1. HP: 16/16 MP: 1/1
   206 | D:1      | Gained mutation: A weak demonic guardian rushes to your aid. [demonic ancestry]
   206 | D:1      | Reached XP level 2. HP: 22/22 MP: 2/2
   456 | D:1      | Reached skill level 1 in Armour
   472 | D:1      | Reached skill level 3 in Long Blades
  1096 | D:2      | Reached XP level 3. HP: 28/28 MP: 3/3
  1483 | D:2      | Found a faded altar to an unknown god.
  1515 | D:2      | Identified a +0 rod of clouds (12/12) (You found it on level 2 of the Dungeon)
  1900 | D:2      | Gained mutation: You have sharp fingernails. [demonic ancestry]
  1900 | D:2      | Reached XP level 4. HP: 31/34 MP: 4/4
  2406 | D:3      | Found a bloodstained altar of Trog.
  2504 | D:3      | Found a deep blue altar of Sif Muna.
  2526 | D:3      | Reached skill level 1 in Unarmed Combat
  2628 | D:3      | HP: 6/34 [river rat (6)]
  2675 | D:3      | HP: 5/34 [worm (8)]
  2679 | D:3      | Slain by a worm

Vault maps used:
D:1:      dpeg_arrival_houses_and_road
D:2:      ecumenical_altar_1, first_bread
D:3:      lemuel_crystal_altar, lemuel_doored_altar, marbit_many_paths,
          gup_sewer_entry_bubbles

Action                   |  1- 3 |  4- 6 || total
-------------------------+-------+-------++-------
Melee: Long sword        |   161 |    73 ||   234
       Unarmed           |       |    18 ||    18
Evoke: Rod               |       |     1 ||     1
  Eat: Chunk             |     3 |     3 ||     6

Vault maps used:
D:1:      dpeg_arrival_houses_and_road
D:2:      ecumenical_altar_1, first_bread
D:3:      lemuel_crystal_altar, lemuel_doored_altar, marbit_many_paths,
          gup_sewer_entry_bubbles

Table legend:
 A = Turns spent in this place as a percentage of turns spent in the entire game.
 B = Non-inter-level travel turns spent in this place as a percentage of non-inter-level travel turns spent in the entire game.
 C = Inter-level travel turns spent in this place as a percentage of turns spent in this place.
 D = Turns resting spent in this place as a percentage of non-inter-level travel turns spent in this place.
 E = Turns spent auto-exploring this place as a percentage of non-inter-level travel turns spent in this place.
 F = Non-inter-level travel turns spent in this place divided by the number of levels of this place that you've seen.
                   A       B       C       D       E      F
               +-------+-------+-------+-------+-------+----------------------
         Total | 100.0 | 100.0 |   0.3 |   0.6 |  14.6 | 224.0
       Dungeon | 100.0 | 100.0 |   0.3 |   0.6 |  14.6 | 224.0
               +-------+-------+-------+-------+-------+----------------------

Table legend:
 A = Kills in this place as a percentage of kills in entire the game.
 B = Kills by you in this place as a percentage of kills by you in the entire game.
 C = Kills by friends in this place as a percentage of kills by friends in the entire game.
 D = Other kills in this place as a percentage of other kills in the entire game.
 E = Experience gained in this place as a percentage of experience gained in the entire game.
 F = Experience gained in this place divided by the number of levels of this place that you have seen.
                   A       B       C       D       E      F
               +-------+-------+-------+-------+-------+----------------------
         Total | 100.0 | 100.0 |  -nan |  -nan | 100.0 |  51.3
       Dungeon | 100.0 | 100.0 |  -nan |  -nan | 100.0 |  51.3
               +-------+-------+-------+-------+-------+----------------------
